Match 41315842
Unlisted

Match 41315842
End
Construct Infanterie Kompanie
Selects Italian Coastal Battlegroup
Selects Italian Coastal Battlegroup
Selects Coastal Reserves
Coastal Reserve
Coastal Reserve
Coastal Reserve
Coastal Reserve
Medical Bunker
Infanterie Officer Quarters
Construct Panzergrenadier Kompanie
Coastal Reserve
Selects Support Bunkers
Selects Artillery Officer
Artillery Officer
Pak 40 Anti-tank Gun Team
Support Elements
Nebelwerfer 42 Rocket Launcher Team
Nebelwerfer 42 Rocket Launcher Team
MG 42 Machine Gun Team
Selects Coastal Wall
Coastal Reserve
Nebelwerfer 42 Rocket Launcher Team
MG 42 Bunker
MG 42 Bunker
Panzergrenadier Officer Quarters
Selects Designated Artillery Overwatch
MG 42 Bunker
Selects Bulwark
MG 42 Bunker
MG 42 Bunker
Kylen
runningDuck
Homam
TwistedTootsy
Stormless
Grunka Lunka
0
0

Comments sign in to comment!

No comments posted yet!